 Dungeon Crawl Stone Soup version 0.27-a0-1555-g0e7b3fb1d2 (webtiles) character file.

Game seed: 3629565847408280439

84 bande the Shield-Bearer (level 4, 0/28 HPs)
             Began as a Gargoyle Fighter on July 14, 2021.
             Slain by an orc (3 damage)
             ... on level 2 of the Dungeon.
             The game lasted 00:02:19 (975 turns).

bande the Shield-Bearer (Gargoyle Fighter)           Turns: 975, Time: 00:02:20

Health: 0/28       AC: 10    Str: 20      XL:     4   Next: 46%
Magic:  4/4        EV:  7    Int:  6 (8)  God:
Gold:   53         SH:  9    Dex: 10      Spells: 3/3 levels left

rFire    . . .     SeeInvis .   a - +1 war axe
rCold    . . .     Faith    .   c - +0 kite shield
rNeg     + . .     Spirit   .   b - +0 scale mail
rPois    ∞         Reflect  .   (no helmet)
rElec    +         Harm     .   (no cloak)
rCorr    .         Rampage  .   (no gloves)
Will     .....                  (no boots)
Stlth    ..........             (no amulet)
HPRegen  0.09/turn              (no ring)
MPRegen  0.09/turn              (no ring)

@: mighty
A: sickness immunity, AC +3, negative energy resistance 1, electricity
resistance, torment resistance 1, petrification resistance
a: no special abilities


You were on level 2 of the Dungeon.
You visited 1 branch of the dungeon, and saw 2 of its levels.

You collected 53 gold pieces.

Inventory:

Hand Weapons
 a - a +1 war axe (weapon)
Armour
 b - a +0 scale mail (worn)
 c - a +0 kite shield (worn)
Scrolls
 f - 2 scrolls of noise {unknown}


   Skills:
 + Level 3.6 Fighting
 + Level 2.2 Axes
 + Level 4.1 Armour
 + Level 4.4 Shields


You had 3 spell levels left.
You didn't know any spells.
Your spell library contained the following spells:

 Spells                   Type           Power      Damage    Failure   Level
 Poisonous Vapours        Pois/Air       0%         N/A       100%        2
 Mephitic Cloud           Conj/Pois/Air  0%         N/A       100%        3
 Freezing Cloud           Conj/Ice/Air   0%         6-21      100%        5
 Malign Gateway           Summ/Tloc      0%         N/A       100%        7
 Summon Horrible Things   Summ           0%         N/A       100%        8


Dungeon Overview and Level Annotations

Branches:
Dungeon (2/15)

Altars:


Innate Abilities, Weirdness & Mutations

You are immune to sickness and miasma.
Your stone body is resilient. (AC +3)
You are immune to poison.
You resist negative energy. (rN+)
You are resistant to electric shocks. (rElec)
You are resistant to unholy torment.
You are immune to petrification.


Message History

3 orcs come into view.
The orc shouts! x2; You hear a shout!
An orc comes into view. It is wielding a +0 trident.
The orc shouts!
The orc priest calls down the wrath of Beogh upon you.
Beogh smites you!
Ouch! That really hurt!
You are too injured to fight recklessly!
You are too injured to fight recklessly!
Unknown command.
Unknown command.
You feel very mighty all of a sudden. The orc hits you with a +0 hand axe.
The orc priest hits you with a +2 short sword of draining.
* * * LOW HITPOINT WARNING * * *
You closely miss the orc priest. You slash the orc!
You kill the orc!
You block the orc wizard's attack.
Unknown command.
You slice the orc priest!!
You kill the orc priest!
You slash the orc wizard! You hit the orc.
The orc wizard points at you and mumbles some strange words.
You resist with significant effort. You block the orc's attack.
You feel your dexterity returning.
Your Armour skill increases to level 4!
You have reached level 4!
You feel stronger.
You hit the orc.
You kill the orc!
You miss the orc wizard.
The orc hits you from afar with a +0 trident.
* * * LOW HITPOINT WARNING * * *
The orc wizard hits you but does no damage.
You block the orc's attack. x2
You hit the orc but do no damage.
Your shield prevents you from hitting the orc wizard.
The orc wizard barely misses you.
The orc hits you from afar with a +0 trident.
You die...

..##########.#
#.# #.# . #.#
#.# #.#
#.##### #.#
#.# #.....#
#.# #.#
#.....# #.#
#.# #.....#
#.# #.#
#.....#
#######o....#
#.....o@....#
#.....))....#
#......o....+
#............#
#.>.......##.#
#.........#
..#
#.......... ..
#...........


You could see an orc wizard and 2 orcs.

Vanquished Creatures
  An orc priest (D:2)
  2 adders (D:2)
  4 dart slugs (D:1)
  2 orcs (D:2)
  2 ball pythons (D:1)
  An endoplasm (D:1)
  3 goblins (D:1)
  2 hobgoblins
  2 bats (D:1)
  2 frilled lizards (D:1)
  5 kobolds (D:1)
  3 rats
29 creatures vanquished.

Notes
Turn   | Place    | Note
-------+----------+-------------------------------------------
     0 | D:1      | bande the Gargoyle Fighter began the quest for the Orb.
     0 | D:1      | Reached XP level 1. HP: 14/14 MP: 1/1
   185 | D:1      | Reached XP level 2. HP: 18/19 MP: 2/2
   485 | D:1      | Reached XP level 3. HP: 17/23 MP: 3/3
   974 | D:2      | Reached XP level 4. HP: 8/28 MP: 4/4
   975 | D:2      | Slain by an orc

Illustrated notes

Levels and vault maps discovered:
D:1:      beargit_arrival_greenhouse, layout_loops_ring, minmay_box_of_dots
D:2:      layout_basic, basic_altar, serial_glass, glass_columns_b,
          glass_columns_c, uniq_jessica

Skill      XL: |  1  2  3 |
---------------+----------+-----
Axes           | 2 |  2.2
Shields        | 4 |  4.4
Armour         | 4 |  4.1
Fighting       | |  3.6

Action                   |  1- 3 |  4- 6 || total
-------------------------+-------+-------++-------
Melee: War axe           |    92 |     2 ||    94
  Use: Scroll            |     2 |       ||     2
       Potion            |     2 |       ||     2
Armor: Scale mail        |    60 |     1 ||    61
Dodge: Dodged            |    28 |     1 ||    29
Block: Kite shield       |    54 |     2 ||    56

Table legend: (Time is in decaauts)
 A = Elapsed time spent in this place.
 B = Non-inter-level travel time spent in this place.
 C = Inter-level travel time spent in this place.
 D = Time resting spent in this place.
 E = Time spent auto-exploring this place.
 F = Levels seen in this place.
 G = Mean time per level.
                   A        B        C        D        E       F      G
               +--------+--------+--------+--------+--------+-----+--------+
         Total |   1033 |   1033 |      0 |     78 |    645 |   2 |  516.5 |
       Dungeon |   1033 |   1033 |      0 |     78 |    645 |   2 |  516.5 |
               +--------+--------+--------+--------+--------+-----+--------+

Top non-repeatable levels by time:
     D:1: 884 daAuts
     D:2: 149 daAuts
